AoeStats
← FC_M@sTer

Arabia

509814329Analyzed
4v4 RM · 5d ago on Sep 28, 2026· 56m 49s· 8 players
Game mode
Random Map
Map size
Large (8 player)
Population
200
Speed
Normal
Resources
Standard
Victory
Conquest
Starting age
Dark Age
Ending age
Imperial Age
RankedLock teamsTeams togetherTeam positionsShared explorationLock speedFull tech treeHidden civsTurbo modeCheats
Victory
Defeat
🇵🇹 Japanese · Portugal
1292
+16
🇲🇽 Vietnamese · Mexico
1288
+16
🇨🇴 Persians · Colombia
1260
+17
🇺🇸 Saracens · United States
1244
+18
🇨🇴 Persians · Colombia
1418
-23
🇦🇷 Mongols · Argentina
1314
-18
🇨🇴 Shu · Colombia
1264
-16
🇨🇴 Khitans · Colombia
1127
-10
Speed_of_Anarchy
2:27 Loom
7:10 Loom
9:49 Feudal Age
10:25 Double-Bit Axe
10:21 Horse Collar
15:37 Forging
16:19 Scale Barding Armor
19:45 Wheelbarrow
22:53 Castle Age
23:00 Bloodlines
23:36 Husbandry
26:11 Chain Barding Armor
25:51 Gold Mining
30:23 Heavy Plow
30:35 Bow Saw
32:14 Iron Casting
42:42 Imperial Age
39:45 Light Cavalry
40:20 Fletching
43:26 Hand Cart
42:57 Town Watch
42:56 Heavy Camel Rider
44:18 Plate Barding Armor
55:09 Town Patrol
55:21 Siege Engineers
55:37 Ballistics
56:17 Chemistry
56:28 Hussar
batbeetch
2:24 Loom
10:40 Feudal Age
11:30 Double-Bit Axe
11:37 Town Watch
13:13 Fletching
14:12 Horse Collar
16:29 Padded Archer Armor
19:07 Wheelbarrow
23:07 Castle Age
23:11 Crossbowman
23:57 Thumb Ring
24:14 Bodkin Arrow
24:16 Gold Mining
27:28 Bow Saw
28:38 Leather Archer Armor
30:35 Ballistics
32:07 Hand Cart
32:24 Stone Mining
32:27 Pikeman
33:07 Squires
33:43 Heavy Plow
34:25 Stone Shaft Mining
34:14 Scale Mail Armor
36:18 Arson
36:45 Forging
36:51 Chain Mail Armor
38:41 Iron Casting
45:01 Imperial Age
42:45 Town Patrol
45:06 Arbalester
45:47 Bracer
46:49 Chemistry
45:30 Treadmill Crane
45:31 Capped Ram
46:25 Elite Rattan Archer
47:37 Paper Money
49:31 Two-Man Saw
49:25 Crop Rotation
48:51 Halberdier
50:03 Ring Archer Armor
50:03 Plate Mail Armor
50:04 Siege Engineers
50:09 Masonry
50:46 Coinage
50:31 Elite Rattan Archer
52:23 Scale Barding Armor
55:50 Banking
56:53 Chain Barding Armor
56:39 Caravan
Flower
5:19 Loom
11:28 Feudal Age
15:53 Double-Bit Axe
21:21 Bloodlines
21:17 Horse Collar
22:19 Scale Barding Armor
26:35 Castle Age
24:51 Forging
28:36 Husbandry
32:26 Wheelbarrow
33:59 Gold Mining
36:57 Hand Cart
38:44 Iron Casting
38:30 Chain Barding Armor
40:09 Stone Mining
40:55 Gold Shaft Mining
43:11 Bow Saw
43:03 Heavy Plow
42:52 Town Watch
44:10 Fletching
46:09 Town Patrol
46:48 Stone Shaft Mining
51:03 Imperial Age
50:27 Fervor
50:51 Masonry
51:03 Ballistics
50:42 Heavy Camel Rider
50:43 Cavalier
52:04 Plate Barding Armor
52:31 Blast Furnace
51:27 Bodkin Arrow
50:55 Light Cavalry
52:25 Conscription
51:42 Pikeman
52:21 Savar
53:44 Hoardings
52:40 Halberdier
57:24 Citadels
1of4kind
6:33 Loom
9:21 Feudal Age
10:37 Double-Bit Axe
15:59 Padded Archer Armor
16:02 Fletching
31:04 Castle Age
30:58 Horse Collar
31:46 Bodkin Arrow
32:08 Leather Archer Armor
32:48 Elite Skirmisher
40:02 Bow Saw
39:53 Heavy Plow
39:43 Gold Mining
39:44 Stone Mining
43:57 Gold Shaft Mining
44:54 Thumb Ring
46:33 Fervor
49:29 Imperial Age
47:53 Ballistics
48:32 Wheelbarrow
47:42 Town Watch
51:16 Two-Man Saw
50:19 Bracer
51:38 Chemistry
50:03 Heavy Cavalry Archer
53:23 Hand Cart
54:14 Parthian Tactics
54:21 Ring Archer Armor
53:36 Imperial Skirmisher
54:44 Conscription
55:02 Hoardings
FC_M@sTer
6:49 Loom
9:17 Feudal Age
9:44 Double-Bit Axe
22:23 Castle Age
21:20 Bloodlines
21:43 Scale Barding Armor
23:35 Chain Barding Armor
40:06 Horse Collar
41:20 Forging
46:11 Wheelbarrow
46:22 Husbandry
53:03 Bow Saw
56:07 Imperial Age
54:10 Heavy Plow
55:52 Cavalier
57:10 Plate Barding Armor
FC_Satuplese
10:26 Feudal Age
12:00 Double-Bit Axe
19:50 Scale Barding Armor
20:32 Forging
22:29 Castle Age
23:48 Thumb Ring
23:40 Fletching
23:44 Light Cavalry
24:24 Husbandry
26:12 Elite Skirmisher
26:58 Husbandry
30:05 Bow Saw
32:15 Padded Archer Armor
36:49 Heavy Cavalry Archer
38:27 Squires
37:48 Pikeman
44:00 Iron Casting
44:33 Gold Mining
44:28 Domestication
46:04 Wheelbarrow
48:47 Chain Barding Armor
50:38 Hand Cart
50:08 Loom
56:35 Imperial Age
LORIAN
7:27 Loom
9:42 Feudal Age
10:13 Double-Bit Axe
10:11 Horse Collar
32:26 Castle Age
30:50 Stone Mining
31:02 Gold Mining
33:55 Bow Saw
33:41 Fletching
33:56 Heavy Plow
34:37 Stone Shaft Mining
34:38 Gold Shaft Mining
38:21 Fletching
38:31 Padded Archer Armor
39:16 Bodkin Arrow
47:29 Imperial Age
46:44 Fortified Wall
47:19 Ballistics
47:19 Leather Archer Armor
49:09 Siege Engineers
51:12 Drill
FC_Proyecto_El_Conquistador_X
6:30 Loom
9:41 Feudal Age
14:09 Fletching
23:04 Castle Age
21:32 Double-Bit Axe
22:20 Padded Archer Armor
23:08 Crossbowman
23:48 Bodkin Arrow
24:53 Bow Saw
26:27 Ballistics
43:47 Leather Archer Armor
44:16 Thumb Ring
44:01 Horse Collar
48:27 Imperial Age
46:58 Wheelbarrow
46:09 Town Watch
48:36 Arbalester
49:17 Bracer
50:27 Chemistry
50:52 Elite Skirmisher
54:58 Conscription
55:50 Ring Archer Armor
55:56 Bolt Magazine
Connection lost

Rejoining the realm…

Still unreachable

The connection could not be restored.

Session expired

The server has moved on; the page needs a fresh start.